 Dungeon Crawl Stone Soup version 0.28-b1-25-g9875b3fc8c (webtiles) character file.

Game seed: 12034707806672222941

61502 Fingolfin the Fighter (level 15, 0/100 HPs)
             Began as a Gargoyle Fighter on Feb 2, 2022.
             Was a Priest of Makhleb.
             Slain by an orc warrior (21 damage)
             ... on level 2 of the Orcish Mines.
             The game lasted 00:58:52 (16349 turns).

Fingolfin the Fighter (Gargoyle Fighter)           Turns: 16349, Time: 00:58:53

Health: 0/100      AC:  8    Str: 28    XL:     15   Next: 3%
Magic:  21/21      EV: 13    Int: 13    God:    Makhleb [***...]
Gold:   2879       SH: 11    Dex:  9    Spells: 16/22 levels left

rFire   + + +      SeeInvis .   b - +9 flail "Meh Juon" {vorpal, rElec rPois rC+ Str+4}
rCold   . . .      Faith    .   g - +0 kite shield
rNeg    + . .      Spirit   .   N - +3 salamander hide armour {Flames rF++ rC--}
rPois   ∞          Reflect  .   f - +0 hat
rElec   +          Harm     .   i - scarf {rC+ rF+}
rCorr   .          Rampage  .   (no gloves)
Will    +....                   x - +2 pair of boots {Stlth+}
Stlth   ++++......              M - amulet "Ymyprar" {Regen+ Str+3}
HPRegen 1.06/turn               r - +4 ring of slaying
MPRegen 0.17/turn               X - ring of Shadows {Umbra +Inv Stlth+}

@: corroded, flying, wreathed by umbra, studying Hexes
A: sickness immunity, AC +11, big wings, negative energy resistance 1,
electricity resistance, torment resistance 1, petrification resistance,
iridescent scales 1, large bone plates 1, fire resistance 1, passive freeze,
weak 1
a: Renounce Religion, Evoke Invisibility, Minor Destruction, Lesser Servant of
Makhleb


You were on level 2 of the Orcish Mines.
You worshipped Makhleb.
Makhleb was most pleased with you.
You visited 4 branches of the dungeon, and saw 19 of its levels.
You also visited: Sewer and Bailey.

You collected 3068 gold pieces.
You spent 189 gold pieces at shops.

Inventory:

Hand Weapons
 a - the +8 morningstar "Ubuxagow" {vorpal, +Blink Int+3 Dex+2}
   (You bought it in a shop on level 7 of the Dungeon)

   It inflicts extra damage upon your enemies.
   Int:       It affects your intelligence (+3).
   Dex:       It affects your dexterity (+2).
   +Blink:    It lets you blink.
 b - the +9 flail "Meh Juon" (weapon) {vorpal, rElec rPois rC+ Str+4}
   (You found it on level 9 of the Dungeon)

   It inflicts extra damage upon your enemies.
   Str:       It affects your strength (+4).
   rC:        It protects you from cold.
   rElec:     It insulates you from electricity.
   rPois:     It protects you from poison.
Missiles
 e - 681 stones (quivered)
 j - 17 boomerangs
 p - 29 poisoned darts
 q - 5 curare-tipped darts
 w - a boomerang of dispersal
 P - 5 throwing nets
Armour
 f - a +0 hat (worn)
 g - a +0 kite shield (worn)
 i - a scarf of resistance (worn)
 x - a +2 pair of boots of stealth (worn)
 N - the +3 salamander hide armour (worn) {Flames rF++ rC--}
   (You found it in a bailey)

   It surrounds you with a cloud of flames.
   It grants immunity to clouds of flame.
   It enhances your fire magic.
   rF:        It greatly protects you from fire.
   rC:        It makes you very vulnerable to cold.
 O - a +2 plate armour of fire resistance
Jewellery
 r - a +4 ring of slaying (left hand)
 H - a +6 ring of intelligence
 M - the amulet "Ymyprar" (around neck) {Regen+ Str+3}
   (You found it on level 8 of the Dungeon)

   [amulet of regeneration]

   Str:       It affects your strength (+3).
   Regen:     It increases your rate of health regeneration.
 W - the amulet of Kofoj {Fly Regen+ Int+8}
   (Xom gifted it to you on level 1 of the Lair of Beasts)

   [amulet of regeneration]

   Int:       It affects your intelligence (+8).
   Fly:       It grants you flight.
   Regen:     It increases your rate of health regeneration.
 X - the ring of Shadows (right hand) {Umbra +Inv Stlth+}
   (You found it on level 6 of the Lair of Beasts)

   [ring of stealth]

   It surrounds you with an aura of shadow, increasing your stealth and reducing
   the accuracy of all others within it.
   +Inv:      It lets you turn invisible.
   Stlth:     It makes you more stealthy.
Wands
 c - a wand of paralysis (7)
 o - a wand of polymorph (4)
 v - a wand of mindburst (6)
 J - a wand of acid (5)
 V - a wand of flame (11)
 Y - a wand of charming (2)
Scrolls
 h - 4 scrolls of blinking
 l - 5 scrolls of amnesia
 m - 3 scrolls of torment
 t - 5 scrolls of enchant weapon
 y - 4 scrolls of holy word
 z - a scroll of fear {unknown}
 D - 3 scrolls of immolation
 F - 12 scrolls of teleportation
 G - a scroll of enchant armour
 I - 2 scrolls of fog {unknown}
 S - a scroll of acquirement {unknown}
 T - 2 scrolls of silence {unknown}
Potions
 k - 14 potions of curing
 n - 2 potions of flight {unknown}
 s - 4 potions of lignification
 u - 3 potions of mutation
 A - 4 potions of attraction
 B - 2 potions of magic {unknown}
 C - 3 potions of haste
 E - a potion of invisibility {unknown}
 K - a potion of brilliance {unknown}
 L - a potion of cancellation {unknown}
 Q - 2 potions of berserk rage
 R - 2 potions of ambrosia
 U - a potion of might
 Z - 5 potions of heal wounds


   Skills:
 - Level 14.0 Fighting
 - Level 10.0 Maces & Flails
 - Level 8.0 Throwing
 - Level 10.0 Armour
 - Level 10.0 Dodging
 - Level 3.2 Shields
 + Level 4.3 Spellcasting
 + Level 5.2 Conjurations
 + Level 2.9 Translocations
 + Level 4.6 Fire Magic
 + Level 2.6 Invocations
 - Level 8.0 Evocations


You had 16 spell levels left.
You knew the following spells:

 Your Spells              Type           Power      Damage    Failure   Level
r - Fireball              Conj/Fire      11%        3d7       94%         5
t - Apportation           Tloc           20%        N/A       21%         1

Your spell library contained the following spells:

 Spells                   Type           Power      Damage    Failure   Level
 Scorch                   Fire           44%        2d7       16%         2
 Gell's Gravitas          Tloc           10%        N/A       52%         3
 Lesser Beckoning         Tloc           10%        N/A       52%         3
 Teleport Other           Tloc           10%        N/A       52%         3
 Animate Skeleton         Necr           4%         N/A       56%         1
 Summon Small Mammal      Summ           8%         N/A       56%         1
 Stone Arrow              Conj/Erth      18%        3d8       56%         3
 Flame Wave               Conj/Fire      23%        2d7       65%         4
 Ensorcelled Hibernation  Hex/Ice        4%         N/A       71%         2
 Passwall                 Tmut/Erth      1%         N/A       71%         2
 Swiftness                Air            2%         N/A       90%         3
 Tukima's Dance           Hex            2%         N/A       90%         3
 Passage of Golubria      Tloc           10%        N/A       90%         4
 Yara's Violent Unravell  Hex/Tmut       1%         3d3       100%        5
 Iron Shot                Conj/Erth      4%         9d2       100%        6
 Starburst                Conj/Fire      11%        6d5       100%        6
 Summon Cactus Giant      Summ           1%         N/A       100%        6
 Ignition                 Fire           11%        3d5       100%        8


Dungeon Overview and Level Annotations

Branches:
Dungeon (10/15)            Temple (1/1) D:6            Lair (6/6) D:9
  Swamp (0/4) Lair:3        Snake (0/4) Lair:3        Slime (0/5) Lair:6
    Orc (2/2) D:10          Sewer (visited)          Bailey (visited)
    Elf: Orc:2

Altars:
Ashenzari
Cheibriados
Dithmenos
Elyvilon
Fedhas
Gozag
Hepliaklqana
Kikubaaqudgha
Makhleb
Nemelex Xobeh
Okawaru
Qazlal
Ru
Sif Muna
Trog
Uskayaw
Vehumet
Wu Jian
Xom
Yredelemnul
Zin
The Shining One
Beogh
Jiyva

Shops:
D:7 (   Orc:2 ([*?


Innate Abilities, Weirdness & Mutations

You are immune to sickness and miasma.
Your stone body is resilient. (AC +11)
You are immune to poison.
Your large and strong wings let you fly.
You resist negative energy. (rN+)
You are resistant to electric shocks. (rElec)
You are resistant to unholy torment.
You are immune to petrification.
You are partially covered in iridescent scales. (AC +2)
You are partially covered in large bone plates. (SH +4)
Your flesh is heat resistant. (rF+)
A frigid envelope surrounds you and freezes all who hurt you.
You are weak. (Str -2)


Message History

The orc warrior hits you from afar with a +0 trident!
The rust devil hits you. The rust devil corrodes you!
The rust devil resists.
The rust devil is very cold.
The rust devil is moderately wounded.
You can move again.
An orc wizard comes into view. It is wielding a +0 dagger.
The orc sorcerer is engulfed in blazing flames.
You block the orc sorcerer's attack.
The orc warrior is engulfed in blazing flames.
You block the orc warrior's attack. The rust devil hits you.
The rust devil corrodes you!
The orc wizard moves out of view.
An orc comes into view. It is wielding a +0 flail.
Items here: )) [[ †.
Press: ? - help, v - describe, . - travel, g - get item
Items here: )) [[ †.
The floor, spattered with blood.
This square is wreathed by an umbra.
Unknown command.
You sock the orc sorcerer!
The orc sorcerer is almost dead.
The orc priest no longer looks unusually strong.
The orc sorcerer is engulfed in blazing flames.
You kill the orc sorcerer!
Makhleb accepts your kill.
You feel better.
The ice devil disappears in a puff of smoke!
The rust devil disappears in a puff of smoke!
The orc warrior is engulfed in blazing flames.
The orc warrior hits you with a +0 trident!!
* * * LOW HITPOINT WARNING * * *
The orc warrior is very cold.
The orc warrior is almost dead.
The orc moves out of view.
The orc wizard shouts!
Okay, then.
An orc comes into view. It is wielding a +0 flail.
The orc warrior is engulfed in blazing flames.
The orc warrior hits you with a +0 long sword!!
You die...
Xom laughs nastily!

## ..# ##... ##### ..
#.... #..o #.## ##... ##
#... #..# #... #∩##.o.
####.## ##.#
##.8##o###+##8.#..###...
#....o.h.o.....'.8..#..#
#_....oo8§°.)..'........
#....oh@☼☼°...)'.8..#...
##.8##o###+##8.#..##....
#∩


#oo ####.###.... #o. #..##..... #.. #.###..### ### .. #.## ..# #. # You could
see 2 wargs, 3 orc warriors, 2 orc priests, an orc wizard and 5 orcs.

Vanquished Creatures
  An orc warlord (Orc:2)
  Harold (D:8)
  6 hydras
  2 boulder beetles
  A two-headed ogre (Orc:2)
  9 death yaks (Lair:5)
  3 orc high priests
  Sonja (Lair:5)
  2 goliath frogs (Lair:6)
  2 orc knights
  A deep elf pyromancer (Bailey)
  4 orc sorcerers
  A cyclops (Orc:2)
  3 black mambas
  14 elephants
  A smoke demon (D:10)
  22 cane toads
  A gargoyle (D:10)
  2 rime drakes
  5 komodo dragons
  A yaktaur (Lair:6)
  4 trolls
  7 polar bears
  2 tyrant leeches (Lair:6)
  Grinder (D:3)
  16 blink frogs
  Sigmund (D:4)
  52 yaks
  4 basilisks
  2 wyverns
  Grum (Lair:1)
  A steam dragon (D:7)
  5 vampire mosquitoes (Lair:6)
  4 nagas (Lair:3)
  An acid dragon (D:9)
  9 wargs
  11 water moccasins
  An ice beast (D:6)
  35 orc warriors
  3 sky beasts
  A black bear (D:7)
  6 wolves
  7 ogres
  5 centaurs
  2 phantoms
  The ghost of NoScrollMutBadDesign the Chopper, an amateur GrFi (D:3)
  2 kobold brigands
  Blork the orc (D:6)
  2 scorpions (D:6)
  18 bullfrogs
  3 gnoll sergeants
  3 killer bees (D:5)
  12 wights
  An electric eel (Lair:6)
  8 howler monkeys
  A centaur zombie (D:8)
  3 quasits (D:3)
  5 hounds
  3 jellies
  13 orc priests
  Crazy Yiuf (D:3)
  3 iguanas
  17 orc wizards
  7 hell rats (Lair:5)
  A hound zombie (D:5)
  2 howler monkey zombies
  13 gnolls
  13 adders
  2 river rats (Sewer)
  4 white imps
  An adder skeleton (D:4)
  2 worms
  3 dart slugs
  62 orcs
  10 ball pythons
  6 endoplasms
  3 giant cockroaches
  5 goblins
  8 hobgoblins
  7 jackals
  7 kobolds
  2 quokkas
  6 bats
  10 frilled lizards
  11 rats (Sewer)
  A bush (Lair:6)
  3 butterflies (Lair:2)
550 creatures vanquished.

Vanquished Creatures (collateral kills)
  A yak (Lair:4)
  An orc warrior (D:7)
  A sky beast (D:6)
  A phantom (D:7)
  A bullfrog (D:7)
  A jelly (D:7)
  2 orc priests
  An iguana (D:7)
  2 orc wizards (D:9)
  A gnoll (D:7)
  5 orcs
  2 kobolds (D:7)
19 creatures vanquished.

Vanquished Creatures (others)
  5 yaks
  A basilisk (Lair:3)
  105 fungi
  239 plants
350 creatures vanquished.

Grand Total: 919 creatures vanquished

Notes
Turn   | Place    | Note
-------+----------+-------------------------------------------
     0 | D:1      | Fingolfin the Gargoyle Fighter began the quest for the Orb.
     0 | D:1      | Reached XP level 1. HP: 14/14 MP: 1/1
   568 | D:1      | Reached XP level 2. HP: 20/20 MP: 2/2
   682 | D:1      | Reached skill level 4 in Fighting
  1258 | D:2      | Reached skill level 5 in Fighting
  1258 | D:2      | Reached XP level 3. HP: 24/26 MP: 3/3
  1369 | D:2      | Reached XP level 4. HP: 29/31 MP: 4/4
  2005 | D:3      | Noticed Grinder
  2166 | D:3      | Found a faded altar of an unknown god.
  2174 | D:3      | Prayed at the altar of an unknown god.
  2174 | D:3      | Became a worshipper of Xom of Chaos
  2197 | D:3      | Found a runed translucent door.
  2198 | D:3      | Noticed Crazy Yiuf
  2249 | D:3      | Noticed NoScrollMutBadDesign's ghost (amateur GrFi)
  2261 | D:3      | Paralysed by Grinder for 5 turns
  2262 | D:3      | XOM: potion effect (curing)
  2270 | D:3      | XOM: potion effect (heal wounds)
  2275 | D:3      | Killed Grinder
  2276 | D:3      | Reached skill level 6 in Fighting
  2276 | D:3      | Reached XP level 5. HP: 31/36 MP: 5/5
  2276 | D:3      | Reached XP level 6. HP: 36/41 MP: 6/6
  2287 | D:3      | Found a transporter.
  2294 | D:3      | Found a transporter.
  2326 | D:3      | XOM: potion effect (curing)
  2336 | D:3      | Reached skill level 5 in Maces & Flails
  2341 | D:3      | Killed NoScrollMutBadDesign's ghost
  2342 | D:3      | Reached XP level 7. HP: 26/46 MP: 7/7
  2467 | D:3      | XOM: silly message
  2562 | D:3      | Found an ancient bone altar of Kikubaaqudgha.
  2761 | D:3      | Killed Crazy Yiuf
  2854 | D:4      | Noticed Sigmund
  2865 | D:4      | Killed Sigmund
  2866 | D:4      | Reached skill level 1 in Dodging
  3008 | D:4      | Found a shimmering blue altar of Sif Muna.
  3147 | D:4      | Found a glowing drain.
  3158 | Sewer    | Entered a sewer
  3212 | Sewer    | XOM: confuse monster(s)
  3215 | Sewer    | Reached XP level 8. HP: 51/51 MP: 8/8
  3244 | Sewer    | XOM: stat loss: -1 Str (21/22)
  3309 | Sewer    | Reached skill level 5 in Armour
  3531 | D:4      | Found an iron altar of Okawaru.
  3660 | D:4      | XOM: summons friendly ufetubus
  4269 | D:5      | Entered Level 5 of the Dungeon
  4556 | D:5      | XOM: confuse monster(s)
  4803 | D:5      | XOM: god gift: trident {god gift}
  4885 | D:5      | Found a glowing silver altar of Zin.
  4922 | D:5      | XOM: noise
  5069 | D:5      | Noticed a yak
  5069 | D:5      | Noticed a yak
  5069 | D:5      | Noticed a yak
  5069 | D:5      | Noticed a yak
  5069 | D:5      | Noticed a yak
  5069 | D:5      | Noticed a yak
  5075 | D:5      | Killed a yak
  5076 | D:5      | Reached skill level 5 in Dodging
  5080 | D:5      | XOM: confuse monster(s)
  5080 | D:5      | Killed a yak
  5081 | D:5      | Reached XP level 9. HP: 37/55 MP: 9/9
  5086 | D:5      | XOM: destruction
  5265 | D:5      | Found a white marble altar of Elyvilon.
  5376 | D:6      | Noticed Blork the orc
  5383 | D:6      | Killed Blork the orc
  5400 | D:6      | XOM: cast spell 'Summon Hydra'
  5416 | D:6      | XOM: confuse monster(s)
  5417 | D:6      | Found a staircase to the Ecumenical Temple.
  5437 | Temple   | Entered the Ecumenical Temple
  5724 | D:6      | Reached skill level 5 in Evocations
  5818 | D:6      | XOM: divination: magic mapping
  5837 | D:6      | XOM: swap monsters
  5898 | D:6      | Found a shadowy altar of Dithmenos.
  5910 | D:6      | XOM: blink monster(s)
  6075 | D:6      | XOM: give mutations
  6075 | D:6      | Gained mutation: You are weak. (Str -2) [Xom's mischief]
  6075 | D:6      | Gained mutation: You are very weak. (Str -4) [Xom's
                  | mischief]
  6097 | D:6      | XOM: 5-stop teleportation journey
  6138 | D:6      | XOM: summons friendly quasit
  6353 | D:7      | XOM: confuse monster(s)
  6358 | D:7      | Reached XP level 10. HP: 50/60 MP: 10/10
  6378 | D:7      | Found Ympoir Odut's Antique Weapon Shop.
  6527 | D:7      | Bought a polished morningstar for 189 gold pieces
  6527 | D:7      | Identified the +8 morningstar "Ubuxagow" {vorpal, +Blink
                  | Int+3 Dex+2} (You bought it in a shop on level 7 of the
                  | Dungeon)
  6657 | D:7      | XOM: 1-stop teleportation journey
  6894 | D:7      | XOM: 1-stop teleportation journey
  7084 | D:7      | XOM: god gift: 744 gold pieces
  7467 | D:8      | Noticed Harold
  7471 | D:8      | XOM: stat loss: -1 Int (13/14)
  7476 | D:8      | XOM: cast spell 'Leda's Liquefaction'
  7483 | D:8      | Killed Harold
  7486 | D:8      | XOM: polymorph orc wizard -> hound
  7575 | D:8      | Found a flagged portal.
  7584 | D:8      | Identified the amulet "Ymyprar" {Regen+ Str+3}
  7612 | Bailey   | Entered a bailey
  7679 | Bailey   | XOM: silly message
  7684 | Bailey   | Reached skill level 10 in Maces & Flails
  7736 | Bailey   | Found a large runed translucent door.
  7736 | Bailey   | Found a large runed translucent door.
  7737 | Bailey   | Noticed an orc knight
  7737 | Bailey   | Noticed a deep elf pyromancer
  7739 | Bailey   | Found the +3 salamander hide armour {Flames rF++ rC--}
  7750 | Bailey   | Killed an orc knight
  7751 | Bailey   | Reached skill level 1 in Throwing
  7764 | Bailey   | Lost mutation: You are very weak. (Str -4) [potion of
                  | mutation]
  7764 | Bailey   | Lost mutation: You are weak. (Str -2) [potion of mutation]
  7764 | Bailey   | Gained mutation: Your mind is acute. (Int +2) [potion of
                  | mutation]
  7764 | Bailey   | Gained mutation: You have sharp fingernails. [potion of
                  | mutation]
  7764 | Bailey   | Gained mutation: Your body sometimes deteriorates upon
                  | taking damage. [potion of mutation]
  7764 | Bailey   | Gained mutation: You expend magic power (3 MP) to
                  | strengthen your wands. [potion of mutation]
  7771 | Bailey   | Killed a deep elf pyromancer
  8082 | D:8      | Found a sparkling altar of Nemelex Xobeh.
  8082 | D:8      | Found a shimmering altar of Xom.
  8175 | D:8      | You fall into a shaft and drop 2 floors!
  8175 | D:10     | Entered Level 10 of the Dungeon
  8177 | D:10     | Found an ornate altar of the Wu Jian Council.
  8191 | D:10     | Reached XP level 11. HP: 66/66 MP: 11/11
  8227 | D:10     | XOM: silly message
  8326 | D:8      | XOM: silly message
  8346 | D:8      | Reached skill level 7 in Fighting
  8813 | D:9      | Identified the +9 flail "Meh Juon" {vorpal, rElec rPois rC+
                  | Str+4}
  8938 | D:9      | XOM: potion effect (invisibility)
  9012 | D:9      | XOM: cast spell 'Summon Cactus Giant'
  9018 | D:9      | Found a staircase to the Lair.
  9490 | Lair:1   | Entered Level 1 of the Lair of Beasts
  9510 | Lair:1   | XOM: summons 1 hostile shadow creature
  9527 | Lair:1   | XOM: cleaving
  9734 | Lair:1   | XOM: silly message
  9738 | Lair:1   | Reached skill level 8 in Fighting
  9834 | Lair:1   | Noticed an eight-headed hydra
  9836 | Lair:1   | XOM: swap monsters
  9841 | Lair:1   | Killed an eight-headed hydra
  9891 | Lair:1   | XOM: god gift: wavering steel amulet {god gift}
  9891 | Lair:1   | Identified the amulet of Kofoj {Fly Regen+ Int+8} (Xom
                  | gifted it to you on level 1 of the Lair of Beasts)
 10138 | Lair:1   | Reached XP level 12. HP: 73/73 MP: 12/12
 10240 | Lair:1   | XOM: summons 2 hostile demons
 10343 | Lair:1   | Noticed Grum
 10350 | Lair:1   | Killed Grum
 10798 | Lair:2   | XOM: swap monsters
 10802 | Lair:2   | Reached skill level 5 in Throwing
 10803 | Lair:2   | XOM: summons 1 hostile shadow creature
 11051 | Lair:2   | XOM: give mutation
 11051 | Lair:2   | Gained mutation: You are frail. (-10% HP) [Xom's mischief]
 11141 | Lair:2   | Lost mutation: You have sharp fingernails. [potion of
                  | mutation]
 11141 | Lair:2   | Lost mutation: You expend magic power (3 MP) to strengthen
                  | your wands. [potion of mutation]
 11141 | Lair:2   | Lost mutation: You are frail. (-10% HP) [potion of
                  | mutation]
 11141 | Lair:2   | Gained mutation: You are partially covered in large bone
                  | plates. (SH +4) [potion of mutation]
 11286 | Lair:3   | Noticed an eight-headed hydra
 11286 | Lair:3   | Found a staircase to the Snake Pit.
 11295 | Lair:3   | Killed an eight-headed hydra
 11381 | Lair:3   | Identified the +7 battleaxe "Earthworm" {holy, rN+}
 11408 | Lair:3   | Noticed a six-headed hydra
 11409 | Lair:3   | Found a staircase to the Swamp.
 11409 | Lair:3   | Noticed a six-headed hydra
 11421 | Lair:3   | Killed a six-headed hydra
 11437 | Lair:3   | Killed a six-headed hydra
 11476 | Lair:3   | XOM: confusion (+ monsters)
 11477 | Lair:3   | XOM: swap monsters
 11479 | Lair:3   | Reached skill level 9 in Fighting
 11491 | Lair:3   | XOM: summons 7 hostile demons
 11657 | Lair:3   | XOM: divine lightning
 11681 | Lair:3   | XOM: enchant monster (bad)
 11728 | Lair:3   | XOM is BORED!
 11728 | Lair:3   | XOM: give mutations
 11728 | Lair:3   | Gained mutation: You are weak. (Str -2) [Xom's mischief]
 11728 | Lair:3   | Gained mutation: A frigid envelope surrounds you and
                  | freezes all who hurt you. [Xom's mischief]
 11752 | Lair:3   | Noticed a boulder beetle
 11761 | Lair:3   | Killed a boulder beetle
 11762 | Lair:3   | Reached skill level 10 in Fighting
 11770 | Lair:3   | XOM: chaos cloud
 11809 | Lair:3   | XOM: cloud trail
 12149 | Lair:4   | Noticed a six-headed hydra
 12161 | Lair:4   | Killed a six-headed hydra
 12162 | Lair:4   | Reached XP level 13. HP: 83/83 MP: 13/13
 12165 | Lair:4   | Reached skill level 11 in Fighting
 12178 | Lair:4   | Found a hide-covered altar of Uskayaw.
 12178 | Lair:4   | Found an ornate altar of the Wu Jian Council.
 12194 | Lair:4   | Learned a level 1 spell: Apportation
 12456 | Lair:4   | Reached skill level 12 in Fighting
 12475 | Lair:4   | XOM: enchant monster (good)
 12531 | Lair:4   | XOM: cloud trail
 12797 | Lair:4   | XOM: give mutations
 12797 | Lair:4   | Gained mutation: You are partially covered in iridescent
                  | scales. (AC +2) [Xom's grace]
 12797 | Lair:4   | Gained mutation: You are mostly covered in iridescent
                  | scales. (AC +4) [Xom's grace]
 12797 | Lair:4   | Gained mutation: Your flesh is heat resistant. (rF+) [Xom's
                  | grace]
 12868 | Lair:4   | XOM: stat loss: -1 Dex (14/15)
 12895 | Lair:4   | XOM: god gift: +0 rapier of draining
 13012 | Lair:5   | Noticed Sonja
 13017 | Lair:5   | Killed Sonja
 13069 | Lair:5   | Identified the +9 long sword of Proximity {flame, Will+}
 13107 | Lair:5   | XOM: give mutations
 13107 | Lair:5   | Gained mutation: You possess an exceptional clarity of
                  | mind. [Xom's grace]
 13107 | Lair:5   | Gained mutation: You have large cloven feet. [Xom's grace]
 13107 | Lair:5   | Gained mutation: You are agile. (Dex +2) [Xom's grace]
 13146 | Lair:5   | Reached skill level 13 in Fighting
 13156 | Lair:5   | XOM: smoke on damage
 13308 | Lair:5   | XOM: fog
 13320 | Lair:5   | Reached skill level 14 in Fighting
 13320 | Lair:5   | XOM: 5-stop teleportation journey
 13352 | Lair:5   | XOM: scenery: summon butterflies
 13543 | Lair:5   | XOM: summons 13 friendly demons
 13670 | Lair:5   | XOM: cleaving
 13673 | Lair:5   | XOM: give mutations
 13673 | Lair:5   | Lost mutation: You possess an exceptional clarity of mind.
                  | [Xom's mischief]
 13673 | Lair:5   | Lost mutation: Your mind is acute. (Int +2) [Xom's
                  | mischief]
 13673 | Lair:5   | Gained mutation: You expend magic power (3 MP) to
                  | strengthen your wands. [Xom's mischief]
 13673 | Lair:5   | Lost mutation: You have large cloven feet. [Xom's mischief]
 13675 | Lair:5   | Gained mutation: Your large and strong wings let you fly.
                  | [Gargoyle growth]
 13675 | Lair:5   | Reached XP level 14. HP: 88/96 MP: 14/14
 13816 | Lair:6   | Entered Level 6 of the Lair of Beasts
 13842 | Lair:6   | Reached skill level 10 in Armour
 13857 | Lair:6   | XOM: summons 4 hostile demons
 13870 | Lair:6   | XOM: summons 6 hostile demons
 13871 | Lair:6   | XOM: summons 8 hostile demons
 13875 | Lair:6   | Reached skill level 10 in Dodging
 13896 | Lair:5   | Learned a level 5 spell: Fireball
 13947 | Lair:6   | Found a staircase to the Slime Pits.
 13951 | Lair:6   | Found a viscous altar of Jiyva.
 13964 | Lair:6   | Reached skill level 1 in Spellcasting
 13966 | Lair:6   | Reached skill level 1 in Conjurations
 13967 | Lair:6   | Reached skill level 1 in Fire Magic
 14260 | Lair:6   | XOM: confusion
 14294 | Lair:6   | XOM: noise
 14299 | Lair:6   | XOM: chaos cloud
 14303 | Lair:6   | XOM: noise
 14314 | Lair:6   | XOM: polymorph yak -> yaktaur
 14316 | Lair:6   | XOM: give mutations
 14316 | Lair:6   | Lost mutation: Your body sometimes deteriorates upon taking
                  | damage. [Xom's mischief]
 14316 | Lair:6   | Lost mutation: You are mostly covered in iridescent scales.
                  | (AC +4) [Xom's mischief]
 14316 | Lair:6   | Lost mutation: You expend magic power (3 MP) to strengthen
                  | your wands. [Xom's mischief]
 14316 | Lair:6   | Lost mutation: You are agile. (Dex +2) [Xom's mischief]
 14410 | Lair:6   | Found the ring of Shadows {Umbra +Inv Stlth+}
 14439 | Lair:6   | XOM: summons 8 hostile demons
 14798 | D:10     | Found a burning altar of Makhleb.
 14813 | D:10     | Found a staircase to the Orcish Mines.
 14861 | D:10     | Got the Catalogue of Lethal Flames
 15070 | D:10     | Found a glowing golden altar of the Shining One.
 15126 | D:10     | Fell from the grace of Xom
 15126 | D:10     | Became a worshipper of Makhleb the Destroyer
 15141 | Orc:1    | Entered Level 1 of the Orcish Mines
 15441 | Orc:2    | Entered Level 2 of the Orcish Mines
 15496 | Orc:2    | Reached * piety under Makhleb
 15503 | Orc:2    | Reached skill level 1 in Translocations
 15611 | Orc:2    | Paralysed by an orc sorcerer for 5 turns
 15637 | Orc:1    | Reached ** piety under Makhleb
 15647 | Orc:1    | Reached skill level 1 in Invocations
 16022 | Orc:2    | Found Lisi's Assorted Antiques.
 16100 | Orc:2    | Found Meomnusk's Magic Scroll Shop.
 16303 | Orc:2    | Reached *** piety under Makhleb
 16330 | Orc:2    | Noticed an orc warlord
 16332 | Orc:2    | Found Nuwk's Antique Weapon Shop.
 16334 | Orc:2    | Reached skill level 5 in Conjurations
 16334 | Orc:2    | Found Nanucet's Antique Armour Boutique.
 16340 | Orc:2    | Killed an orc warlord
 16341 | Orc:2    | Reached XP level 15. HP: 56/100 MP: 21/21
 16344 | Orc:2    | Paralysed by an orc sorcerer for 3 turns
 16349 | Orc:2    | Slain by an orc warrior

Illustrated notes

Levels and vault maps discovered:
D:1:      dpeg_arrival_tiny_c, layout_basic
D:2:      layout_loops_ring, skrybe_limestone_x
D:3:      layout_rooms, lemuel_coloured_pillars_altar,
          shapermc_ecumenical_altar_totnotflames, gammafunk_ghost_stat_death,
          grunt_ministairs_12, minmay_vboxes, uniq_crazy_yiuf_cottage,
          uniq_grinder
D:4:      layout_loops_ring, lemuel_doored_altar, cheibrodos_sewer_entry_sluice,
          kennysheep_diamond, minmay_misc_feat_encased, uniq_sigmund
D:5:      layout_loops_ring, overflow_temple_1_default, kennysheep_little_box
D:6:      layout_loops_ring, mainiacjoe_overflow_concentric_impassable,
          minmay_temple_entry_large_hall, feat_on_display, uniq_blork_the_orc
D:7:      layout_layer_cave, serial_shops, nicolae_shop_window_shopping
D:8:      layout_basic, mainiacjoe_overflow_large_starburst, enter_bailey_6,
          uniq_harold
D:9:      layout_basic, erik_lair_orcish_takeover, chequers_hall_statues_y,
          nicolae_sextant
D:10:     layout_big_octagon, mainiacjoe_overflow_alcove_2,
          nzn_wu_jian_contemplation, demons_altar, orc_0_dummy,
          minmay_misc_feat_columns, kennysheep_generic_room_9
Temple:   minmay_temple_bridge_abc
Lair:1:   wander_river, layout_small_grid, nicolae_lair_grazing_beasts
          [nicolae_sub_lair_graze_edge, nicolae_sub_lair_graze_edge,
          nicolae_sub_lair_graze_edge, nicolae_sub_lair_graze_edge], uniq_grum
Lair:2:   layout_long_grid, cheibrodos_lair_lostbears, lemuel_fruit_fields,
          serial_bayou_shore_b
Lair:3:   layout_regular_city, palyth_hydra_swamp_entry,
          minmay_snake_entry_guardpost_small
Lair:4:   layout_cave_pods, nzn_masters_of_martial_movement
Lair:5:   layout_cave_pods, serial_bayou_lagoon_a, uniq_sonja
Lair:6:   minmay_lair_end_frog_pond, layout_regular_city, slime_altar_1,
          chequers_serial_rivers_micro_e
Orc:1:    layout_caves, basic_altar
Orc:2:    grunt_orc_community_town_hall, layout_diamond_mine,
          grunt_orc_community_big_house_1, grunt_orc_community_big_house_1,
          grunt_orc_community_house_3, grunt_orc_community_house_3,
          grunt_orc_community_house_3, grunt_orc_community_house_1,
          grunt_orc_community_house_2

Skill      XL: |  1  2  3  4  5  6  7  8  9 10 11 12 13 14 |
---------------+-------------------------------------------+-----
Fighting       | 5 6 8 10 14 | 14.0
Maces & Flails | 4 5 6 7 10 | 10.0
Armour         | 4 6 8 9 10 | 10.0
Dodging        | 2 6 7 8 10 | 10.0
Evocations     | 6 7 8 |  8.0
Throwing       | 2 4 8 |  8.0
Spellcasting   | 4 |  4.3
Conjurations   | 5 |  5.2
Fire Magic     | 4 |  4.6
Translocations | 2 |  2.9
Invocations    | 2 |  2.6
Shields        | |  3.2

Action                   |  1- 3 |  4- 6 |  7- 9 | 10-12 | 13-15 || total
-------------------------+-------+-------+-------+-------+-------++-------
Melee: Flail             |    70 |    78 |   265 |   141 |   262 ||   816
       Morningstar       |       |       |       |    70 |       ||    70
Evoke: Wand              |       |       |     4 |    11 |     2 ||    17
  Use: Potion            |       |     1 |       |     4 |       ||     5
       Scroll            |       |       |       |    10 |    10 ||    20
 Stab: Confused          |       |       |     2 |       |       ||     2
       Distracted        |       |       |       |     1 |       ||     1
       Invisible         |       |       |       |     1 |     1 ||     2
Armor: Scale mail        |    11 |       |       |       |       ||    11
       Chain mail        |    32 |   145 |   150 |       |       ||   327
       Ring mail         |       |       |     1 |    33 |       ||    34
       Leather armour    |       |       |       |    57 |   117 ||   174
Dodge: Dodged            |    29 |    58 |   115 |   133 |   183 ||   518
Block: Buckler           |     4 |       |       |       |       ||     4
       Kite shield       |    16 |     2 |       |    88 |   193 ||   299
